 Dungeon Crawl Stone Soup version 0.25.1-2-g60ff931df9 (webtiles) character file.

Game seed: 3282678295427846718

310 funkygono the Gusty (level 6, 0/46 HPs)
             Began as a Draconian Air Elementalist on Nov 28, 2020.
             Was an Initiate of Sif Muna.
             Killed by divine providence
             ... invoked by an orc priest
              (13 damage)
             ... on level 4 of the Dungeon.
             The game lasted 00:07:50 (3887 turns).

funkygono the Gusty (Draconian Air Elementalist)    Turns: 3887, Time: 00:07:51

Health: 0/46       AC:  7    Str: 17    XL:     6   Next: 17%
Magic:  8/11       EV: 12    Int: 17    God:    Sif Muna [......]
Gold:   311        SH:  0    Dex: 11    Spells: 1/11 levels left

rFire    . . .     SeeInvis .   f - +4 flail
rCold    . . .     Gourm    .   (no shield)
rNeg     . . .     Faith    .   (armour unavailable)
rPois    .         Spirit   .   (helmet restricted)
rElec    .         Reflect  .   (no cloak)
rCorr    .         Harm     .   (no gloves)
MR       .....                  k - +0 pair of boots
Stlth    ++........             d - amulet of magic regeneration
HPRegen  0.15/turn              j - +6 ring of strength
MPRegen  0.37/turn              (no ring)

@: very slightly contaminated
A: unfitting armour, cold-blooded, AC +6
a: Renounce Religion


You were on level 4 of the Dungeon.
You worshipped Sif Muna.
Sif Muna was noncommittal.
You were not hungry.

You visited 2 branches of the dungeon, and saw 6 of its levels.

You collected 311 gold pieces.

Inventory:

Hand Weapons
 c - a +1 mace
 f - a +4 flail (weapon)
Armour
 k - a +0 pair of boots (worn)
Jewellery
 d - an amulet of magic regeneration (around neck)
 j - a +6 ring of strength (left hand)
Wands
 g - a wand of flame (33)
 l - a wand of disintegration (13)
Scrolls
 e - a scroll of teleportation
 o - a scroll of blinking
 r - a scroll of remove curse
Potions
 a - a potion of invisibility
 h - a potion of resistance
 i - a potion of curing {unknown}
 m - 4 potions of mutation
 n - a potion of cancellation
 p - a potion of ambrosia
 q - a potion of stabbing {unknown}
 s - 2 potions of might {unknown}
Comestibles
 b - 6 rations


   Skills:
 + Level 0.3 Fighting
 + Level 1.0 Maces & Flails
 + Level 2.2 Dodging
 - Level 2.0 Stealth
 * Level 3.4 Spellcasting
 * Level 3.2 Conjurations
 + Level 0.1 Charms
 * Level 4.6 Air Magic


You had one spell level left.
You knew the following spells:

 Your Spells              Type           Power        Failure   Level  Hunger
a - Shock                 Conj/Air       ###.         3%          1    None
b - Swiftness             Chrm/Air       ##......     10%         2    ##.....
c - Static Discharge      Conj/Air       ###.....     10%         3    ###....
d - Airstrike             Air            ###.......   24%         4    ####...

Your spell library contained the following spells:

 Spells                   Type           Power        Failure   Level  Hunger
 Summon Small Mammal      Summ           #...         17%         1    None
 Call Imp                 Summ           #.......     26%         2    ##.....
 Call Canine Familiar     Summ           #.......     45%         3    ###....
 Summon Guardian Golem    Hex/Summ       #.......     45%         3    ###....
 Summon Lightning Spire   Summ/Air       ##......     54%         4    ####...
 Lightning Bolt           Conj/Air       ###.......   67%         5    ######.
 Summon Ice Beast         Ice/Summ       #.......     86%         4    ####...


Dungeon Overview and Level Annotations

Branches:
Dungeon (5/15)             Temple (1/1) D:4

Altars:
Ashenzari
Cheibriados
Dithmenos
Elyvilon
Fedhas
Gozag
Hepliaklqana
Kikubaaqudgha
Makhleb
Nemelex Xobeh
Okawaru
Qazlal
Ru
Sif Muna
Trog
Uskayaw
Vehumet
Wu Jian
Xom
Yredelemnul
Zin
The Shining One


Innate Abilities, Weirdness & Mutations

Your plain brown scales are hard. (AC +6)
You cannot fit into any form of body armour.
You are cold-blooded and may be slowed by cold attacks.


Message History

Aiming: Shock (safe; 3% risk of failure)
Press: ? - help, Shift-Dir - straight line The zap misses the hound.
The zap hits the orc priest.
The orc priest is lightly wounded.
The zap hits the orc priest.
The orc priest is moderately wounded.
The hound barely misses you.
Casting: Shock (safe; 3% risk of failure)
Confirm with . or Enter, or press ? or * to list all spells.
Aiming: Shock (safe; 3% risk of failure)
Press: ? - help, Shift-Dir - straight line The zap hits the hound.
You kill the hound!
Sif Muna accepts your kill.
Your Maces & Flails skill increases to level 1!
The zap hits the orc priest!
The orc priest is almost dead.
The orc priest invokes the aid of Beogh against you.
Beogh smites you!
You die...

# #...####....#.....####.. #
#.....####......####....
#.......####..####......
###.......######.....##.
#.......######......+.
#.....####..####....#.
#...####......####....
#.####.......)..####.. ###
#######..o.@...#.##.........
..####.......>#####...##.###..#..
..#..#.>......#...#....#......#..
.....#........#...#....#......+..
....##........##.###..##..###.#..
###.......##'###.###'###..###.##+
#.......#......................
#.......#......................
#.......#......................


You could see an orc priest.

Vanquished Creatures
  A bullfrog skeleton (D:4)
  A hound (D:4)
  An orc wizard (D:3)
  An iguana (D:3)
  A worker ant (D:4)
  Robin (D:3)
  5 adders
  A shadow imp (D:3)
  An ooze (D:3)
  2 worms
  2 dart slugs
  A leopard gecko (D:2)
  8 orcs
  4 giant cockroaches
  15 goblins
  8 hobgoblins
  4 jackals
  12 kobolds
  4 quokkas
  8 bats
  6 frilled lizards
  A leopard gecko zombie (D:4)
  4 rats
92 creatures vanquished.

Notes
Turn   | Place    | Note
-------+----------+-------------------------------------------
     0 | D:1      | funkygono the Draconian Air Elementalist began the quest
                  | for the Orb.
     0 | D:1      | Reached XP level 1. HP: 14/14 MP: 3/3
   288 | D:1      | Reached XP level 2. HP: 20/20 MP: 3/5
   292 | D:1      | Learned a level 2 spell: Swiftness
   769 | D:2      | Reached XP level 3. HP: 26/26 MP: 2/6
   774 | D:2      | Learned a level 3 spell: Static Discharge
   871 | D:2      | Found an opulent altar of Gozag.
  1251 | D:2      | Reached XP level 4. HP: 33/33 MP: 3/7
  1431 | D:3      | Noticed Robin
  1437 | D:3      | Killed Robin
  1437 | D:3      | Reached skill level 4 in Air Magic
  1762 | D:3      | Reached XP level 5. HP: 38/38 MP: 5/9
  2744 | D:3      | Learned a level 4 spell: Airstrike
  3420 | D:4      | Reached XP level 6. HP: 46/46 MP: 5/11
  3706 | D:4      | Found a staircase to the Ecumenical Temple.
  3712 | Temple   | Entered the Ecumenical Temple
  3718 | Temple   | Became a worshipper of Sif Muna the Loreminder
  3870 | D:5      | Entered Level 5 of the Dungeon
  3887 | D:4      | Reached skill level 1 in Maces & Flails
  3887 | D:4      | Killed from afar by an orc priest

Illustrated notes

Levels and vault maps discovered:
D:1:      dpeg_arrival_three_same_balls, layout_loops_ring
D:2:      layout_rooms, lemuel_doored_altar
D:3:      layout_loops_corners, minivault_24, uniq_robin
D:4:      layout_gridville, minmay_temple_entry_fiery, serial_glass,
          glass_columns_b, glass_columns_b, minmay_misc_feat_x
D:5:      layout_rooms, first_ration, uniq_sigmund, uniq_ijyb, uniq_pikel
Temple:   compressed_dpeg_circular_temple

Skill      XL: |  1  2  3  4  5  6 |
---------------+-------------------+-----
Dodging        | 2 |  2.2
Stealth        | 2 |  2.0
Conjurations   | 2 3 |  3.2
Air Magic      | 4 |  4.6
Spellcasting   | 3 |  3.4
Maces & Flails | 1 |  1.0
Fighting       | |  0.3
Charms         | |  0.1

Action                   |  1- 3 |  4- 6 || total
-------------------------+-------+-------++-------
Melee: Mace              |    19 |     9 ||    28
       Tailslap          |     2 |     5 ||     7
       Flail             |       |    48 ||    48
 Cast: Shock             |    89 |   108 ||   197
       Swiftness         |     1 |       ||     1
  Use: Scroll            |     3 |     7 ||    10
  Eat: Chunk             |     2 |     9 ||    11
Armor: Skin              |     9 |    21 ||    30
Dodge: Dodged            |    18 |    48 ||    66
